 Dungeon Crawl Stone Soup version 0.32-a0-872-g59262bdc9b (webtiles) character file.

Game seed: 11999689254068277434

21 Shayle the Apothecary (level 2, 0/19 HPs)
             Began as a Coglin Alchemist on Mar 30, 2024.
             Succumbed to an adder's poison
             ... on level 2 of the Dungeon.
             The game lasted 00:01:40 (805 turns).

Shayle the Apothecary (Coglin Alchemist)             Turns: 805, Time: 00:01:40

Health: 0/19       AC:  3    Str: 12    XL:     2   Next: 87%
Magic:  5/5        EV: 11    Int: 13    God:
Gold:   91         SH:  0    Dex: 13    Spells: 4/5 levels left

rFire   . . .        d - +0 spear {Osbert}
rCold   . . .        c - +0 mace {Vikramjeet}
rNeg    . . .        a - +0 robe
rPois   .            (helmet restricted)
rElec   .            (no cloak)
rCorr   .            (no gloves)
SInv    .            h - +0 pair of boots
Will    .....        (amulet unavailable)
Stlth   ++           (ring unavailable)
HPRegen 0.23/turn    (ring unavailable)
MPRegen 0.09/turn    (no gizmo)

%: no passive effects
@: lethally poisoned (0 -> -5), revved
A: off-hand wielding, slow wielding, warmup strikes, no jewellery, antennae 1,
strong 1
a: Invent Gizmo


You were on level 2 of the Dungeon.
You visited 1 branch of the dungeon, and saw 2 of its levels.

You collected 91 gold pieces.

Inventory:

Hand Weapons
 c - a +0 mace (offhand) {Vikramjeet}
 d - a +0 spear (weapon) {Osbert}
Armour
 a - a +0 robe (worn)
 h - a +0 pair of boots (worn)
Scrolls
 f - a scroll of amnesia {unknown}
 g - a scroll of teleportation {unknown}
 i - 2 scrolls of identify {unknown}
 j - a scroll of fear {unknown}
 k - a scroll of poison {unknown}
Potions
 b - a potion of magic
 e - a potion of haste {unknown}
 m - a potion of might {unknown}


   Skills:
 - Level 1.7 Dodging
 - Level 1.5 Stealth
 + Level 2.1 Spellcasting
 + Level 1.4 Conjurations
 + Level 3.7 Alchemy


You had 4 spell levels left.
You knew the following spells:

 Your Spells              Type           Power      Damage    Failure   Level
a - Sting                 Conj/Alch      32%        1d5       9%          1

Your spell library contained the following spells:

 Spells                   Type           Power      Damage    Failure   Level
 Mercury Vapours          Alch/Air       12%        N/A       19%         2
 Mephitic Cloud           Conj/Alch/Air  5%         N/A       36%         3
 Olgreb's Toxic Radiance  Alch           11%        N/A       47%         4
 Sticky Flame             Fire/Alch      6%         2d4       75%         4


Dungeon Overview and Level Annotations

Branches:
Dungeon (2/15)

Altars:


Innate Abilities, Weirdness & Mutations

You can wield a second weapon in your off-hand.
It takes a long time for you to wield or remove held weapons.
Your first few attacks do less damage.
You cannot equip rings or amulets.
You have a pair of small antennae on your head.
Your muscles are strong. (Str +4, Int/Dex -1)


Message History

The adder barely misses you. The adder bites you but does no damage.
You closely miss the adder with your +0 mace.
The adder is lightly wounded.
You miss the adder with your +0 spear. The adder bites you but does no damage.
You closely miss the adder with your +0 mace.
The adder is lightly wounded.
You miss the adder with your +0 spear. The adder misses you.
The adder barely misses you.
You hit the adder but do no damage.
The adder is lightly wounded.
You hit the adder but do no damage. The adder bites you.
You are poisoned.
The adder poisons you!
You hit the adder but do no damage.
The adder is lightly wounded.
You closely miss the adder with your +0 mace.
You feel sick. The adder bites you but does no damage.
The adder barely misses you.
You barely miss the adder with your +0 spear.
The adder is lightly wounded.
You closely miss the adder with your +0 mace.
You feel sick. The adder bites you. x2
You hit the adder with your +0 mace.
The adder is moderately wounded.
You barely miss the adder with your +0 spear.
You feel sick. The adder closely misses you.
You miss the adder with your +0 spear.
The adder is moderately wounded.
You barely miss the adder with your +0 mace.
You feel sick.
You are no longer poisoned.
The adder bites you but does no damage. The adder bites you.
* * * LOW HITPOINT WARNING * * *
You are lethally poisoned!
The adder poisons you!
It was a potion of mutation.
You feel extremely strange.
Iridescent scales grow over part of your body.
You feel stronger.
Your iridescent scales disappear.
A pair of antennae grows on your head!
You die...

#.# #....#####...# #......#
#.# #.... ##....######.....#
#.# #..# #...#............#
#.####.# #..##..#####...###
#....#.#########........#...
####.#.##..#..##.>.####...##.#
#...#...#...#....#####.# #
#.#....###S........ ...
#.#...#####@.....### #.#
#.##............... ..#
#.#######.#.#.###.# #.#
#.........# #.# ######### #.#


You could see an adder.

Vanquished Creatures
  A dart slug (D:1)
  2 ball pythons (D:1)
  4 bats (D:1)
  An endoplasm (D:1)
  A goblin (D:1)
  2 hobgoblins (D:1)
  3 frilled lizards
  2 kobolds (D:1)
  3 rats
19 creatures vanquished.

Notes
Turn   | Place    | Note
-------+----------+-------------------------------------------
     0 | D:1      | Shayle the Coglin Alchemist began the quest for the Orb.
     0 | D:1      | Reached XP level 1. HP: 13/13 MP: 3/3
    90 | D:1      | Reached skill level 1 in Conjurations
   140 | D:1      | Reached XP level 2. HP: 18/19 MP: 4/4
   397 | D:1      | You fall into a shaft and drop 1 floor!
   805 | D:2      | Gained mutation: You are partially covered in iridescent
                  | scales. (AC +2) [potion of mutation]
   805 | D:2      | Gained mutation: Your muscles are strong. (Str +4, Int/Dex
                  | -1) [potion of mutation]
   805 | D:2      | Lost mutation: You are partially covered in iridescent
                  | scales. (AC +2) [potion of mutation]
   805 | D:2      | Gained mutation: You have a pair of small antennae on your
                  | head. [potion of mutation]
   805 | D:2      | Succumbed to an adder's poison

Illustrated notes

Levels and vault maps discovered:
D:1:      noname_arrival_rooms_in_the_neighbourhood, layout_basic
D:2:      layout_loops_ring, roderic_malta_cross

Skill      XL: |  1  2 |
---------------+-------+-----
Conjurations   | 1 |  1.4
Spellcasting   | 2 |  2.1
Dodging        | |  1.7
Stealth        | |  1.5
Alchemy        | |  3.7

Action                     || total
---------------------------++-------
  Melee: Mace              ||    45
         Spear             ||    39
    Use: Potion            ||     1
   Stab: Sleeping          ||     1
 Armour: Robe              ||    30
  Dodge: Dodged            ||    29

Table legend: (Time is in decaauts)
 A = Elapsed time spent in this place.
 B = Non-inter-level travel time spent in this place.
 C = Inter-level travel time spent in this place.
 D = Time resting spent in this place.
 E = Time spent auto-exploring this place.
 F = Levels seen in this place.
 G = Mean time per level.
                   A        B        C        D        E       F      G
               +--------+--------+--------+--------+--------+-----+--------+
         Total |    816 |    794 |     22 |      0 |    553 |   2 |  408.0 |
       Dungeon |    816 |    794 |     22 |      0 |    553 |   2 |  408.0 |
               +--------+--------+--------+--------+--------+-----+--------+

Top non-repeatable levels by time:
     D:1: 683 daAuts
     D:2: 133 daAuts
